 Dungeon Crawl Stone Soup version 0.27.1-4-g1640c2035a (webtiles) character file.

Game seed: 11463842339358913607

87618 McKennaii the Impaler (level 15, -35/88 (120) HPs)
             Began as a Demonspawn Fighter on Nov 15, 2021.
             Was the Champion of Makhleb.
             Killed from afar by a shadow dragon (60 damage)
             ... with a bolt of negative energy
             ... on level 14 of the Dungeon.
             The game lasted 00:55:53 (28070 turns).

McKennaii the Impaler (Demonspawn Fighter)         Turns: 28070, Time: 00:55:53

HP:   -35/88 (120)  AC: 23    Str: 21    XL:     15   Next: 44%
MP:   15/15         EV:  8    Int: 10    God:    Makhleb [******]
Gold: 1485          SH: 18    Dex: 20    Spells: 14/14 levels left

rFire    + . .     SeeInvis +   B - +6 trident (freeze)
rCold    . . .     Faith    .   c - +0 kite shield
rNeg     . . .     Spirit   .   h - +1 plate armour {rF+}
rPois    .         Reflect  +   p - +2 helmet
rElec    .         Harm     .   y - +0 cloak
rCorr    .         Rampage  .   (no gloves)
Will     +....                  (no boots)
Stlth    ..........             Z - amulet of reflection
HPRegen  0.24/turn              r - ring of see invisible
MPRegen  0.14/turn              L - +6 ring of dexterity

@: studying Shields, very heavily drained
A: hooves 2, foul stench 2, powered by pain 2, sharp scales 2
a: Renounce Religion, Minor Destruction, Lesser Servant of Makhleb, Major
Destruction, Greater Servant of Makhleb


You were on level 14 of the Dungeon.
You worshipped Makhleb.
Makhleb was exalted by your worship.
You visited 3 branches of the dungeon, and saw 21 of its levels.
You also visited: Bailey and Volcano.

You collected 1545 gold pieces.
You spent 60 gold pieces at shops.

Inventory:

Hand Weapons
 B - a +6 trident of freezing (weapon)
 W - a +0 bardiche of protection
Armour
 c - a +0 kite shield (worn)
 h - a +1 plate armour of fire resistance (worn)
 p - a +2 helmet (worn)
 y - a +0 cloak (worn)
 N - the +0 helmet of Risucahu {Rampage rN++ Will+ Dex-4}
   (You found it on level 11 of the Dungeon)

   Dex:       It affects your dexterity (-4).
   rN:        It greatly protects you from negative energy.
   Rampage:   It bestows one free step when moving towards enemies.
   Will:      It increases your willpower.
Jewellery
 k - a +6 ring of intelligence
 r - a ring of see invisible (left hand)
 w - a ring of fire
 A - a ring of flight
 L - a +6 ring of dexterity (right hand)
 P - an amulet of regeneration
 X - a ring of resist corrosion
 Z - an amulet of reflection (around neck)
Wands
 D - a wand of mindburst (21)
 E - a wand of acid (28)
 I - a wand of paralysis (13)
 Q - a wand of iceblast (15)
 R - a wand of digging (4)
 S - a wand of polymorph (8)
 U - a wand of flame (69)
Scrolls
 a - 5 scrolls of magic mapping
 f - 6 scrolls of fear
 l - a scroll of teleportation
 n - 2 scrolls of identify
 s - 5 scrolls of fog
 u - 2 scrolls of summoning {unknown}
 v - 8 scrolls of amnesia
 x - 4 scrolls of blinking
 z - 5 scrolls of noise {unknown}
 C - 2 scrolls of enchant armour
 G - 3 scrolls of brand weapon
 H - 2 scrolls of immolation {unknown}
 J - 3 scrolls of enchant weapon {unknown}
 V - a scroll of torment {unknown}
Potions
 b - 7 potions of cancellation
 d - 3 potions of might
 e - 8 potions of curing
 g - 2 potions of heal wounds
 i - 3 potions of resistance
 j - 2 potions of attraction
 m - 7 potions of flight
 o - 3 potions of magic
 t - 3 potions of ambrosia
 F - 4 potions of haste
 K - a potion of lignification
 T - a potion of berserk rage
 Y - 3 potions of brilliance


   Skills:
 + Level 11.9 Fighting
 * Level 16.7 Polearms
 + Level 11.6 Armour
 + Level 4.5 Dodging
 + Level 2.3 Stealth
 + Level 9.8 Shields
 + Level 2.5 Evocations


You had 14 spell levels left.
You didn't know any spells.
Your spell library contained the following spells:

 Spells                   Type           Power      Damage    Failure   Level
 Corona                   Hex            0%         N/A       100%        1
 Magic Dart               Conj           0%         1d3       100%        1
 Summon Small Mammal      Summ           0%         N/A       100%        1
 Call Imp                 Summ           0%         N/A       100%        2
 Ensorcelled Hibernation  Hex/Ice        0%         N/A       100%        2
 Searing Ray              Conj           0%         3d3       100%        2
 Static Discharge         Conj/Air       0%         N/A       100%        2
 Call Canine Familiar     Summ           0%         N/A       100%        3
 Gell's Gravitas          Tloc           0%         N/A       100%        3
 Mephitic Cloud           Conj/Pois/Air  0%         N/A       100%        3
 Portal Projectile        Hex/Tloc       0%         N/A       100%        3
 Stone Arrow              Conj/Erth      0%         3d7       100%        3
 Summon Guardian Golem    Hex/Summ       0%         N/A       100%        3
 Teleport Other           Tloc           0%         N/A       100%        3
 Tukima's Dance           Hex            0%         N/A       100%        3
 Animate Armour           Summ/Erth      0%         N/A       100%        4
 Animate Dead             Necr           0%         N/A       100%        4
 Fulminant Prism          Conj/Hex       0%         3d6       100%        4
 Hailstorm                Conj/Ice       0%         3d3       100%        4
 Ice Form                 Ice/Tmut       0%         N/A       100%        4
 Summon Ice Beast         Ice/Summ       0%         N/A       100%        4
 Summon Lightning Spire   Summ/Air       0%         N/A       100%        4
 Lightning Bolt           Conj/Air       0%         1d11      100%        5
 Summon Forest            Summ/Tloc      0%         N/A       100%        5
 Summon Mana Viper        Hex/Summ       0%         N/A       100%        5
 Death Channel            Necr           0%         N/A       100%        6
 Shadow Creatures         Summ           N/A        N/A       100%        6
 Simulacrum               Ice/Necr       0%         N/A       100%        6
 Monstrous Menagerie      Summ           0%         N/A       100%        7
 Storm Form               Tmut/Air       0%         N/A       100%        7
 Lehudib's Crystal Spear  Conj/Erth      0%         10d2      100%        8
 Maxwell's Capacitive Co  Air            0%         ∞         100%        8
 Chain Lightning          Conj/Air       0%         N/A       100%        9
 Fire Storm               Conj/Fire      0%         5d1       100%        9


Dungeon Overview and Level Annotations

Branches:
Dungeon (14/15)            Temple (1/1) D:6            Lair (6/6) D:10
  Swamp (0/4) Lair:3        Snake (0/4) Lair:4        Slime (0/5) Lair:5
    Orc (0/2) D:11         Vaults (0/5) D:13         Bailey (visited)
Volcano (visited)

Altars:
Ashenzari
Cheibriados
Dithmenos
Elyvilon
Fedhas
Gozag
Hepliaklqana
Kikubaaqudgha
Makhleb
Nemelex Xobeh
Okawaru
Qazlal
Ru
Sif Muna
Trog
Uskayaw
Vehumet
Wu Jian
Xom
Yredelemnul
Zin
The Shining One
Beogh
Lugonu

Shops:
D:3 !   D:4 *

Portals:
Abyss: Lair:6
Trove: D:10 (give 6 scrolls of blinking)

Annotations:
D:10 2 transporters
D:14 1 runed translucent door


Innate Abilities, Weirdness & Mutations

You have hoof-like feet.
You sometimes emit foul miasma when damaged in melee.
You sometimes gain power by taking damage.
You are mostly covered in razor-sharp scales. (AC +2, Slay +2)


Message History

Unknown command.
Aiming: Mindburst
Press: ? - help, Shift-Dir - straight line, f - shadow dragon
Aim: a shadow dragon (wandering, hasn't noticed you, chance to affect: 4%)
Okay, then.
Unknown command.
There is an open door here.
You close the door.
You see here a +0 glaive.
A shadow dragon is nearby!
The shadow dragon breathes negative energy at you.
The bolt of negative energy hits you!!!
You feel drained.
You hit the shadow dragon but do no damage.
You block the shadow dragon's attack. x2
The shadow dragon claws you but does no damage.
You hit the shadow dragon but do no damage.
You kick the shadow dragon, but do no damage.
You puncture the shadow dragon! Your kick misses the shadow dragon.
The shadow dragon is lightly wounded.
The shadow dragon breathes negative energy at you.
The bolt of negative energy hits you!!
You feel drained.
As you read the scroll of teleportation, it crumbles to dust.
You feel strangely unstable. You block the shadow dragon's attack.
The shadow dragon claws you but does no damage.
You block the shadow dragon's attack.
The shadow dragon breathes negative energy at you.
The bolt of negative energy misses you.
Your surroundings seem slightly different.
The shadow dragon breathes negative energy at you.
The bolt of negative energy hits you!!!
You feel drained.
* * * LOW HITPOINT WARNING * * *
There is an open door here.
You close the door.
There is a stone staircase leading up here.
You start resting.
A shadow dragon is nearby!
The shadow dragon breathes negative energy at you.
The bolt of negative energy hits you!!!
You feel drained.
Ouch! That really hurt!
You die...

#...#.#................##
#...#.#................##
#.....#..##.....#########
#.....#..##.....'........
#.###.#...#.....#........
#.# #.'...#.....#.##.....
#.# #.#...#.....#........
#.###.#.^.'.....#........
#.....#.@########........
#.....#..##..+..........#
#...#.#......#..........#
#...#.'.)....#..#........
#.....########...........
#...D..........#######...
#.....#.......D#.....#.#.
#.....#........#.....#.#.
#.##.................'...


You could see a shadow dragon (catching breath).

Vanquished Creatures
  Rupert (D:13)
  A lich (D:14)
  Kirke (D:13)
  The ghost of Ugytip the Stormcaller, a journeyman TeAE of Vehumet (D:14)
  A red draconian (Volcano)
  A fire dragon (shapeshifter) (D:12)
  The ghost of makewrite the Carver, a journeyman MiMo of Yredelemnul (Lair:2)
  9 hydras
  The ghost of Sopaderocas the Reanimator, a journeyman DDNe of Qazlal (D:11)
  2 catoblepae
  6 boulder beetles
  A vault guard (D:10)
  2 centaur warriors
  A deep troll earth mage (D:14)
  A tengu warrior (D:10)
  5 death yaks (Lair:6)
  3 two-headed ogres
  3 thrashing horrors (Lair:6)
  2 spectral death yaks (Lair:2)
  Sonja (Lair:5)
  A skeletal warrior (D:14)
  3 orc knights
  2 deep elf pyromancers
  A necromancer (D:14)
  An oklob plant (Lair:4)
  A wizard (D:10)
  6 cyclopes
  3 manticores
  3 salamanders (Volcano)
  A spectral boulder beetle (Lair:2)
  9 ugly things
  A torpor snail (shapeshifter) (D:9)
  5 molten gargoyles (Volcano)
  2 gargoyles
  Maggie (D:8)
  A smoke demon (Lair:6)
  2 black mambas
  12 cane toads
  4 rime drakes
  An unseen horror (D:11)
  2 kobold demonologists (Bailey)
  An efreet (Volcano)
  9 komodo dragons
  A queen bee (D:11)
  A tengu conjurer (D:13)
  2 polar bears
  3 trolls
  An ancient zyme (Lair:6)
  2 hornets (D:11)
  2 large abominations (Lair:6)
  22 blink frogs
  2 slime creatures (Lair:5)
  6 dream sheep (Lair:2)
  Sigmund (D:4)
  A spectral black mamba (Lair:2)
  5 wyverns
  4 ynoxinuls (Lair:6)
  A spriggan (Lair:6)
  A shadow (D:12)
  A vampire (D:14)
  A wraith (D:14)
  3 hogs (D:13)
  A spectral komodo dragon (Lair:2)
  52 yaks
  16 humans (D:13)
  Eustachio (D:4)
  A steam dragon (D:10)
  6 basilisks
  A chaos spawn (Lair:6)
  A death yak simulacrum (Lair:2)
  4 vampire mosquitoes
  A redback simulacrum (D:14)
  A spectral cane toad (Lair:2)
  A warg (shapeshifter) (D:14)
  4 acid dragons
  14 water moccasins
  12 orc warriors
  2 ogres
  A black bear (D:4)
  16 wolves
  5 centaurs
  A phantom (D:4)
  A kobold brigand (D:10)
  10 bullfrogs
  3 gnoll sergeants
  3 scorpions
  A wyvern zombie (D:8)
  8 small abominations (Lair:6)
  A water moccasin skeleton (D:6)
  A wyvern skeleton (D:5)
  13 killer bees
  2 howler monkeys
  11 electric eels
  A crimson imp (D:10)
  3 centaur zombies
  A komodo dragon simulacrum (Lair:2)
  2 hounds
  A gnoll shaman (D:6)
  5 orc priests
  5 jellies
  A centaur skeleton (D:4)
  6 iguanas
  9 orc wizards
  Natasha (thrice) (D:3)
  Robin (D:2)
  3 howler monkey zombies
  8 adders
  19 gnolls
  2 shadow imps
  A white imp (D:6)
  An ufetubus (D:5)
  2 worms
  4 dart slugs
  39 orcs
  4 endoplasms
  4 giant cockroaches
  20 hobgoblins
  2 jackals (D:1)
  A quokka (D:4)
  6 ball pythons
  3 bats
  4 frilled lizards
  31 goblins
  9 kobolds
  7 rats
579 creatures vanquished.

Vanquished Creatures (others)
  7 fungi
  19 plants
26 creatures vanquished.

Grand Total: 605 creatures vanquished

Notes
Turn   | Place    | Note
-------+----------+-------------------------------------------
     0 | D:1      | McKennaii the Demonspawn Fighter began the quest for the
                  | Orb.
     0 | D:1      | Reached XP level 1. HP: 18/18 MP: 1/1
    71 | D:1      | Reached skill level 2 in Polearms
   257 | D:1      | Gained mutation: You may rarely emit foul miasma when
                  | damaged in melee. [demonic ancestry]
   257 | D:1      | Reached XP level 2. HP: 22/24 MP: 2/2
   456 | D:1      | Found a faded altar of an unknown god.
   827 | D:2      | Reached XP level 3. HP: 23/29 MP: 3/3
  1421 | D:2      | Noticed Robin
  1538 | D:2      | Killed Robin
  1539 | D:2      | Reached skill level 3 in Polearms
  1567 | D:2      | Reached XP level 4. HP: 13/35 MP: 4/4
  2931 | D:3      | Found Onugimy's Distillery.
  2948 | D:3      | Bought a potion of heal wounds for 60 gold pieces
  3181 | D:3      | Noticed Natasha
  3186 | D:3      | Killed Natasha
  3187 | D:3      | Gained mutation: You have large cloven feet. [demonic
                  | ancestry]
  3187 | D:3      | Reached XP level 5. HP: 37/41 MP: 5/5
  3239 | D:3      | Reached skill level 4 in Polearms
  3423 | D:4      | Found a shadowy altar of Dithmenos.
  3697 | D:4      | Gained mutation: You sometimes emit foul miasma when
                  | damaged in melee. [demonic ancestry]
  3697 | D:4      | Reached XP level 6. HP: 47/47 MP: 6/6
  3741 | D:4      | Noticed Sigmund
  3860 | D:4      | Found Rim Ciu's Elemental Accessories.
  3936 | D:4      | Reached skill level 5 in Polearms
  4115 | D:3      | Noticed Natasha
  4129 | D:3      | Killed Natasha
  4360 | D:3      | Noticed Natasha
  4367 | D:3      | Killed Natasha
  4889 | D:4      | Noticed Eustachio
  4903 | D:4      | Killed Eustachio
  4904 | D:4      | Gained mutation: You are partially covered in razor-sharp
                  | scales. (AC +1, Slay +1) [demonic ancestry]
  4904 | D:4      | Reached XP level 7. HP: 39/53 MP: 7/7
  5100 | D:4      | Reached skill level 6 in Polearms
  5268 | D:5      | Entered Level 5 of the Dungeon
  5555 | D:5      | Gained mutation: You sometimes gain a little power by
                  | taking damage. [demonic ancestry]
  5555 | D:5      | Reached XP level 8. HP: 54/60 MP: 8/8
  5659 | D:5      | Reached skill level 1 in Dodging
  5876 | D:5      | Reached skill level 7 in Polearms
  6002 | D:4      | Killed Sigmund
  6487 | D:6      | Found a snail-covered altar of Cheibriados.
  6540 | D:6      | Reached skill level 8 in Polearms
  6578 | D:6      | Found a staircase to the Ecumenical Temple.
  6587 | Temple   | Entered the Ecumenical Temple
  7382 | D:6      | Reached XP level 9. HP: 52/67 MP: 7/9
  7573 | D:6      | Found a burning altar of Makhleb.
  7573 | D:6      | Noticed a balrug
  7646 | D:6      | Became a worshipper of Makhleb the Destroyer
  7860 | D:7      | Found a blossoming altar of Fedhas.
  7999 | D:7      | Reached skill level 9 in Polearms
  8005 | D:7      | Reached skill level 5 in Fighting
  8086 | D:7      | Reached skill level 5 in Armour
  8404 | D:7      | Found an iron altar of Okawaru.
  8830 | D:8      | Noticed Maggie
  8842 | D:8      | Killed Maggie
  8843 | D:8      | Reached skill level 10 in Polearms
  9100 | D:8      | Noticed a cyclops
  9109 | D:8      | Killed a cyclops
  9110 | D:8      | Gained mutation: You are mostly covered in razor-sharp
                  | scales. (AC +2, Slay +2) [demonic ancestry]
  9110 | D:8      | Reached XP level 10. HP: 38/75 MP: 6/10
  9654 | D:8      | Reached * piety under Makhleb
  9821 | D:9      | Noticed a cane toad
  9828 | D:9      | a cane toad changed into a jumping spider
  9846 | D:9      | Noticed a torpor snail
  9856 | D:9      | Killed a torpor snail
 10090 | D:9      | Reached skill level 1 in Stealth
 10092 | D:9      | Reached skill level 11 in Polearms
 10121 | D:9      | Found a broken altar of Ashenzari.
 10290 | D:9      | Noticed a two-headed ogre
 10294 | D:9      | Killed a two-headed ogre
 10462 | D:9      | Found a sparkling altar of Nemelex Xobeh.
 10774 | D:10     | Entered Level 10 of the Dungeon
 10781 | D:10     | Reached skill level 5 in Shields
 11073 | D:10     | Found a staircase to the Lair.
 11186 | D:10     | Found a transporter.
 11210 | D:10     | Gained mutation: You sometimes gain power by taking damage.
                  | [demonic ancestry]
 11210 | D:10     | Reached XP level 11. HP: 56/83 MP: 9/11
 11213 | D:10     | Reached skill level 12 in Polearms
 11721 | D:10     | Reached ** piety under Makhleb
 11756 | D:10     | Noticed a tengu warrior
 11773 | D:10     | Killed a tengu warrior
 11980 | D:10     | Noticed a vault guard
 11988 | D:10     | Killed a vault guard
 12088 | D:10     | Found a portal to a secret trove of treasure.
 12103 | D:10     | Noticed a two-headed ogre
 12109 | D:10     | Killed a two-headed ogre
 12148 | D:10     | Found a transporter.
 12236 | D:10     | Noticed a wizard
 12245 | D:10     | Killed a wizard
 12462 | D:11     | Found a transporter.
 12464 | D:11     | Found a transporter.
 12465 | D:11     | Noticed Sopaderocas's ghost (journeyman DDNe)
 12485 | D:11     | Identified the +0 helmet of Risucahu {Rampage rN++ Will+
                  | Dex-4}
 12526 | D:11     | Found a staircase to the Orcish Mines.
 12597 | D:11     | Found a flagged portal.
 12616 | Bailey   | Entered a bailey
 12674 | Bailey   | Noticed an orc knight
 12688 | Bailey   | Killed an orc knight
 12689 | Bailey   | Reached skill level 1 in Evocations
 12728 | Bailey   | Found an iron altar of Okawaru.
 12734 | Bailey   | Noticed a soul eater
 13333 | Bailey   | Noticed an orc knight
 13377 | Bailey   | Killed an orc knight
 13378 | Bailey   | Reached skill level 13 in Polearms
 13429 | Bailey   | Reached *** piety under Makhleb
 14104 | D:11     | Noticed a two-headed ogre
 14110 | D:11     | Killed a two-headed ogre
 14369 | D:11     | Reached XP level 12. HP: 80/91 MP: 12/12
 14894 | D:11     | Killed Sopaderocas's ghost
 15356 | D:12     | Reached **** piety under Makhleb
 15362 | D:12     | Noticed a boulder beetle
 15386 | D:12     | Killed a boulder beetle
 15441 | D:12     | Noticed an eight-headed hydra
 15448 | D:12     | Killed an eight-headed hydra
 15449 | D:12     | Reached skill level 14 in Polearms
 15480 | D:12     | Noticed a seven-headed hydra
 15494 | D:12     | Killed a seven-headed hydra
 15509 | D:12     | Noticed an anaconda
 15522 | D:12     | Noticed a fire dragon
 15522 | D:12     | an anaconda changed into a fire dragon
 15548 | D:12     | Killed a fire dragon
 16254 | D:13     | Noticed a boulder beetle
 16267 | D:13     | Killed a boulder beetle
 16426 | D:13     | Noticed a centaur warrior
 16476 | D:13     | Noticed Rupert
 16506 | D:13     | Killed Rupert
 16515 | D:13     | Killed a centaur warrior
 16516 | D:13     | Reached XP level 13. HP: 79/99 MP: 13/13
 16539 | D:13     | Found a gate to the Vaults.
 16961 | D:13     | Noticed Kirke
 17296 | D:13     | Killed Kirke
 17296 | D:13     | Reached ***** piety under Makhleb
 17481 | D:13     | Got the Handbook of Lethal Orientation
 17677 | D:14     | Reached skill level 15 in Polearms
 17956 | D:14     | Noticed a lich
 17956 | D:14     | Noticed Ugytip's ghost (journeyman TeAE)
 17956 | D:14     | Noticed a shadow dragon
 18228 | D:14     | Found a runed translucent door.
 18231 | D:14     | Found a runed translucent door.
 18439 | D:14     | Found a stormy altar of Qazlal.
 19358 | D:14     | Killed Ugytip's ghost
 19595 | Lair:1   | Entered Level 1 of the Lair of Beasts
 20766 | Lair:2   | Reached XP level 14. HP: 101/109 MP: 11/14
 20854 | Lair:2   | Reached skill level 10 in Fighting
 20854 | Lair:2   | Reached skill level 10 in Armour
 21192 | Lair:2   | Found a runed translucent gate.
 21192 | Lair:2   | Found a runed translucent gate.
 21192 | Lair:2   | Found a runed translucent gate.
 21193 | Lair:2   | Noticed makewrite's ghost (journeyman MiMo)
 21600 | Lair:2   | Killed makewrite's ghost
 22359 | Lair:3   | Found a staircase to the Swamp.
 23294 | Lair:4   | Reached skill level 16 in Polearms
 23535 | Lair:4   | Found a staircase to the Snake Pit.
 23745 | Lair:5   | Noticed Sonja
 23769 | Lair:5   | Killed Sonja
 24094 | Lair:5   | Found a staircase to the Slime Pits.
 24119 | Lair:5   | Reached ****** piety under Makhleb
 24177 | Lair:5   | Found a dark tunnel.
 24188 | Volcano  | Entered a volcano
 24503 | Volcano  | Noticed an orb of fire
 24625 | Volcano  | Noticed an orb of fire
 25611 | Lair:6   | Entered Level 6 of the Lair of Beasts
 25642 | Lair:6   | Gained mutation: You have hoof-like feet. [demonic
                  | ancestry]
 25642 | Lair:6   | Reached XP level 15. HP: 112/119 MP: 15/15
 26944 | Lair:6   | Found a corrupted altar of Lugonu.
 26944 | Lair:6   | Found a one-way gate to the infinite horrors of the Abyss.
 27335 | Lair:6   | Acquired a manual of Shields
 27629 | D:14     | Killed a lich
 27986 | D:14     | HP: 3/98 [shadow dragon/bolt of negative energy (47)]
 28070 | D:14     | Killed from afar by a shadow dragon

Illustrated notes

Levels and vault maps discovered:
D:1:      enne_arrival_octagon_isle, layout_loops_ring,
          hellmonk_ecumenical_altar_defaced_shrine, minmay_misc_feat_tower,
          minmay_misc_feat_rows
D:2:      layout_basic, uniq_robin
D:3:      layout_basic, serial_shops, shop, uniq_natasha
D:4:      layout_cave_pods, grunt_dithmenos_smoke_and_mirrors,
          nicolae_elemental_shop, hangedman_decor_growths, uniq_sigmund,
          uniq_eustachio
D:5:      layout_gridville
D:6:      minmay_spotlight, layout_gridville, cheibrodos_worm_habitat,
          makhleb_altar_promises_db, minmay_temple_entry_purple_smoke,
          minmay_misc_feat_plants
D:7:      layout_cave_pools, nicolae_overflow_hidden_temple,
          lemuel_crystal_altar
D:8:      layout_loops_corners, uniq_maggie
D:9:      layout_long_grid, mainiacjoe_overflow_24_doors,
          overflow_temple_1_default, serial_co_window_serial,
          co_window_corner_a, co_window_paths_a, co_window_cross_1,
          co_window_corner_a, co_window_paths_a, co_window_of_opportunity_a,
          co_window_of_opportunity_c, co_window_2corner, co_window_corner_b,
          glass_columns_b, glass_columns_a
D:10:     gammafunk_cloud_chamber, layout_basic, erik_lair_dragon,
          enter_trove_5, nicolae_water_bricks, grunt_decor_arrowhead,
          lightli_wizard_tower
D:11:     layout_long_grid, orc_0_dummy, enter_bailey_5, gammafunk_ghost_hive
D:12:     layout_irregular_city, chequers_serial_rivers_micro_e,
          minmay_mirror_moons_of_madness
D:13:     layout_stronghold, david_vaults_3, gauntlet_entry_generic, uniq_kirke
D:14:     layout_stronghold, hangedman_decor_lopped,
          muffindrake_ghost_dual_entry, grunt_qazlal_clouds
Temple:   regret_index_temple_generic_petals
Lair:1:   layout_cave_pods
Lair:2:   layout_gridlike, gammafunk_ghost_necromancy
Lair:3:   layout_loops_ring, minmay_swamp_entry_reptiles
Lair:4:   layout_regular_city, dummy_snake_entry, infiniplex_staircase_pool,
          grunt_megastairs_4
Lair:5:   layout_roguey, minmay_slime_entry_pillars,
          nicolae_volcano_entry_hallway, st_stairs_12,
          infiniplex_staircase_pool_2, uniq_sonja
Lair:6:   hellmonk_lair_end_abyssal_woods, layout_gridlike, serial_bayou_shore_b

Skill      XL: |  1  2  3  4  5  6  7  8  9 10 11 12 13 14 |
---------------+-------------------------------------------+-----
Polearms       | 2 3 4 5 6 8 10 11 13 14 15 16 | 16.7
Armour         | 3 4 5 6 7 8 9 11 | 11.6
Shields        | 3 4 5 6 7 8 9 |  9.8
Fighting       | 4 5 6 7 8 9 11 | 11.9
Dodging        | 2 3 4 |  4.5
Stealth        | 1 2 |  2.3
Evocations     | 1 2 |  2.5

Action                   |  1- 3 |  4- 6 |  7- 9 | 10-12 | 13-15 || total
-------------------------+-------+-------+-------+-------+-------++-------
Melee: Trident           |    94 |   252 |   307 |   632 |  1130 ||  2415
       Kick              |       |    32 |    71 |   172 |   418 ||   693
Evoke: Wand              |       |       |       |    13 |    10 ||    23
  Use: Scroll            |       |       |    11 |     1 |    14 ||    26
       Potion            |       |       |       |     1 |     7 ||     8
 Stab: Distracted        |       |     1 |       |       |     1 ||     2
Armor: Chain mail        |    42 |   125 |   126 |   102 |   229 ||   624
       Scale mail        |     1 |       |       |       |       ||     1
       Plate armour      |       |       |       |    97 |   209 ||   306
Dodge: Dodged            |     9 |    44 |    58 |    88 |   194 ||   393
Block: Kite shield       |    32 |    99 |   143 |   214 |   437 ||   925
       Reflection        |       |       |       |       |     1 ||     1
